Victoriaville Tigres vs Lowell Devils

Created - 2 janvier 2018 at 10:54

Goals
1 2 3 T
Victoriaville Tigres 1 1 0 2
Lowell Devils 1 0 2 3
Shots
1 2 3 T
Victoriaville Tigres 11 11 9 31
Lowell Devils 19 9 7 35

1st period

1. Lowell Devils , Trevor Smith 17 (Andrew Mangiapane 16, Nick Baptiste 17) at 9:40
2. Victoriaville Tigres , Michal Kempny 2 (Nic Petan 29, Karl Stollery 14) at 10:48

Penalties :
Chris Conner (DEV) for Hooking (Minor) at 16:36

2nd period

3. Victoriaville Tigres , Brayden McNabb 4 (Nic Petan 30) at 17:21 (PP)

Penalties :
MacKenzie Weegar (DEV) for Hooking (Minor) at 17:11, MacKenzie Weegar (DEV) for Hooking (Minor) at 18:00

3rd period

4. Lowell Devils , Trevor Smith 18 (Andrew Mangiapane 17) at 3:24
5. Lowell Devils , Roland McKeown 1 (Brendan Ranford 11) at 5:02 (PP)

Penalties :
Michal Kempny (TIG) for Hooking (Minor) at 3:43, Stefan Matteau (TIG) for Roughing (Minor) at 6:52

Goalie Stats

Michael Garteig (TIG), 32 saves from 35 shots - (0,914), L, 8-1-1, 59:13 minutes
Reto Berra (DEV), 29 saves from 31 shots - (0,935), W, 15-8-5, 60:00 minutes

Players Stats for Victoriaville Tigres

Player Name              G  A  P  +/- PIM S  H  SB GA TA FO     MP     PP MP  PK MP  
------------------------------------------------------------------------------------
Brayden McNabb           1  0  1  -1  0   3  0  1  0  0  0/0    26:16   2:19   1:30 
Brody Sutter             0  0  0   0  0   0  1  0  1  2  0/1    19:31   2:12   0:00 
Charles Hudon            0  0  0  -2  0   4  1  0  2  0  0/0    19:14   1:51   0:52 
Chase De Leo             0  0  0   1  0   1  1  0  0  0  4/4     5:53   0:00   0:00 
Chris Terry              0  0  0   0  0   5  0  0  2  0  1/2    20:28   2:12   0:57 
Dillon Simpson           0  0  0   0  0   1  2  1  0  0  0/0    13:17   0:00   0:28 
Greg McKegg              0  0  0   0  0   1  1  1  1  0  5/8    13:32   0:05   0:42 
Karl Stollery            0  1  1   0  0   0  2  0  0  0  0/0    20:55   1:49   1:48 
Mark MacMillan           0  0  0   0  0   0  0  1  0  0  0/0    11:40   0:05   0:00 
Michal Kempny            1  0  1   0  2   1  1  1  0  2  0/0    20:05   1:49   0:59 
Nic Petan                0  2  2   1  0   3  1  0  0  0  9/19   23:39   2:12   0:57 
Paul Bittner             0  0  0   0  0   0  0  0  0  0  2/2     5:26   0:05   0:59 
Quinton Howden           0  0  0  -2  0   1  1  0  1  0  10/18  19:20   1:51   0:52 
Samuel Girard            0  0  0  -1  0   2  1  2  1  1  0/0    26:16   2:19   1:30 
Scott Kosmachuk          0  0  0  -2  0   5  1  0  0  0  0/0    18:33   1:51   0:00 
Stefan Matteau           0  0  0   1  2   0  0  0  0  0  0/0     5:52   0:00   0:00 
Taylor Leier             0  0  0   0  0   3  3  0  0  0  0/0    13:33   0:00   1:17 
Tim Heed                 0  0  0   0  0   1  0  0  0  0  0/0    13:10   0:00   0:21 

Players Stats for Lowell Devils

Player Name              G  A  P  +/- PIM S  H  SB GA TA FO     MP     PP MP  PK MP  
------------------------------------------------------------------------------------
Andrew Mangiapane        0  2  2   2  0   3  0  1  0  0  0/1    15:19   1:41   0:00 
Andrew Poturalski        0  0  0   0  0   2  2  0  1  0  3/4    13:27   0:43   1:14 
Andrew Welinski          0  0  0   1  0   1  1  5  0  0  0/0    19:24   1:24   1:22 
Austin Czarnik           0  0  0  -1  0   2  1  1  2  1  8/26   21:37   1:06   2:08 
Brendan Ranford          0  1  1   0  0   2  2  0  0  0  0/0    12:36   0:31   0:49 
Chris Conner             0  0  0  -1  2   3  3  3  0  0  2/2    20:58   1:06   1:06 
Daniel O'Regan           0  0  0  -1  0   2  2  1  1  1  1/1    20:30   1:06   0:37 
Gavin Bayreuther         0  0  0   1  0   1  0  2  0  0  0/0    13:58   0:00   0:18 
Gerald Mayhew            0  0  0   0  0   2  0  0  0  0  0/0     8:56   0:00   0:00 
Jack Dougherty           0  0  0   1  0   0  0  1  0  0  0/0    20:09   1:24   1:56 
MacKenzie Weegar         0  0  0  -1  4   2  0  4  0  1  0/0    25:10   1:54   1:10 
Nick Baptiste            0  1  1   2  0   0  4  0  0  1  1/1    15:15   1:40   0:00 
Nolan Zajac              0  0  0   1  0   2  2  1  0  2  0/0    14:38   0:00   1:02 
Roland McKeown           1  0  1  -1  0   2  2  3  0  1  0/0    26:21   1:54   2:28 
Sam Anas                 0  0  0   0  0   3  2  0  0  0  0/0     8:56   0:00   0:00 
Trevor Moore             0  0  0   0  0   0  0  0  1  0  1/2    13:29   0:31   1:45 
Trevor Smith             2  0  2   2  0   7  2  0  0  1  6/13   16:10   1:30   0:37 
Tyler Gaudet             0  0  0   0  0   1  1  0  0  0  1/4     8:56   0:00   0:00 

3 Stars

1 - Trevor Smith (DEV)
2 - Andrew Mangiapane (DEV)
3 - Nick Baptiste (DEV)

Power Play

Victoriaville Tigres - 1 on 3 Attempt(s) - 33,33%
Lowell Devils - 1 on 2 Attempt(s) - 50,00%

Penalty Kill

Victoriaville Tigres - 1 on 2 Attempt(s) - 50,00% - Score 0 goal in Penalty Kill
Lowell Devils - 2 on 3 Attempt(s) - 66,67% - Score 0 goal in Penalty Kill

Team Stat

Victoriaville Tigres - Hits : 16 - Faceoff Wins : 31 - Blocked Shots : 7 - Penalty Minutes : 4
Lowell Devils - Hits : 24 - Faceoff Wins : 23 - Blocked Shots : 22 - Penalty Minutes : 6

Official

Referees : Francois StLaurent and Brad Meier
Linesman : Tim Nowak and Kiel Murchison

Game Notes

No Game Note

Finance

Level 1 -- Attendance: 1527 (76,35%) -- Ticket Income 53 445 $
Level 2 -- Attendance: 791 (79,10%) -- Ticket Income 11 865 $
Total Attendance: 2318 (77,27%)
Total Ticket Income: 65 310 $
Other Income: 32 002 $
Total Income: 97 312 $

Victoriaville Tigres

5 vs 5 Forward 
   Center                   Left Wing                Right Wing               Time % Phy DF OF 
 1 Nic Petan                Chris Terry              Brody Sutter             40     1   2  2  
 2 Quinton Howden           Charles Hudon            Scott Kosmachuk          30     1   2  2  
 3 Greg McKegg              Taylor Leier             Mark MacMillan           20     1   2  2  
 4 Chase De Leo             Stefan Matteau           Nic Petan                10     1   2  2  

5 vs 5 Defense 
   Defense                  Defense                                           Time % Phy DF OF 
 1 Samuel Girard            Brayden McNabb                                    40     1   2  2  
 2 Michal Kempny            Karl Stollery                                     30     1   2  2  
 3 Tim Heed                 Dillon Simpson                                    20     1   2  2  
 4 Samuel Girard            Brayden McNabb                                    10     1   2  2  

PowerPlay Forward 
   Center                   Left Wing                Right Wing               Time % Phy DF OF 
 1 Nic Petan                Chris Terry              Brody Sutter             60     1   2  2  
 2 Quinton Howden           Charles Hudon            Scott Kosmachuk          40     1   2  2  

PowerPlay Defense
   Defense                  Defense                                           Time % Phy DF OF 
 1 Samuel Girard            Brayden McNabb                                    60     1   2  2  
 2 Michal Kempny            Karl Stollery                                     40     1   2  2  

Penalty Kill 4 Players Forward 
   Center                   Wing                     Time % Phy DF OF 
 1 Nic Petan                Chris Terry              60     1   2  2  
 2 Charles Hudon            Quinton Howden           40     1   2  2  

Penalty Kill 4 Players Defense
   Defense                  Defense                  Time % Phy DF OF 
 1 Samuel Girard            Brayden McNabb           60     1   2  2  
 2 Michal Kempny            Karl Stollery            40     1   2  2  

Penalty Kill - 3 Players Forward 
   Forward                                           Time % Phy DF OF 
 1 Nic Petan                                         60     1   2  2  
 2 Chris Terry                                       40     1   2  2  

Penalty Kill - 3 Players Defense
   Defense                  Defense                  Time % Phy DF OF 
 1 Samuel Girard            Brayden McNabb           60     1   2  2  
 2 Michal Kempny            Karl Stollery            40     1   2  2  

4 vs 4 Forward 
   Center                   Wing                     Time % Phy DF OF 
 1 Nic Petan                Chris Terry              60     1   2  2  
 2 Charles Hudon            Quinton Howden           40     1   2  2  

4 vs 4 Defense
   Defense                  Defense                  Time % Phy DF OF 
 1 Samuel Girard            Brayden McNabb           60     1   2  2  
 2 Michal Kempny            Karl Stollery            40     1   2  2  

Last Minutes Offensive
   Center                   Left Wing                Right Wing               Defense                  Defense                  
   Nic Petan                Chris Terry              Brody Sutter             Samuel Girard            Brayden McNabb           

Last Minutes Defensive
   Center                   Left Wing                Right Wing               Defense                  Defense                  
   Nic Petan                Chris Terry              Brody Sutter             Samuel Girard            Brayden McNabb           

Goaltenders
Starting : Michael Garteig          
Backup : Unknown Goalie           

Extra Forwards
Normal : Paul Bittner, Greg McKegg, Taylor Leier - PP : Paul Bittner, Greg McKegg - PK : Taylor Leier
Extra Defensemen
Normal : Tim Heed, Dillon Simpson, Michal Kempny - PP : Tim Heed - PK : Dillon Simpson, Michal Kempny
Penalty Shots
Nic Petan, Chris Terry, Charles Hudon, Quinton Howden, Greg McKegg

Scratches
Devon Toews (Healthy), Jeff Zatkoff (Healthy), Jack Flinn (Healthy)

Lowell Devils

5 vs 5 Forward 
   Center                   Left Wing                Right Wing               Time % Phy DF OF 
 1 Austin Czarnik           Chris Conner             Daniel O'Regan           40     1   1  3  
 2 Trevor Smith             Andrew Mangiapane        Nick Baptiste            30     1   1  3  
 3 Andrew Poturalski        Brendan Ranford          Trevor Moore             20     1   1  3  
 4 Tyler Gaudet             Sam Anas                 Gerald Mayhew            10     1   1  3  

5 vs 5 Defense 
   Defense                  Defense                                           Time % Phy DF OF 
 1 MacKenzie Weegar         Roland McKeown                                    40     1   2  2  
 2 Jack Dougherty           Andrew Welinski                                   30     1   2  2  
 3 Gavin Bayreuther         Nolan Zajac                                       20     1   2  2  
 4 MacKenzie Weegar         Roland McKeown                                    10     1   2  2  

PowerPlay Forward 
   Center                   Left Wing                Right Wing               Time % Phy DF OF 
 1 Austin Czarnik           Chris Conner             Daniel O'Regan           60     0   0  5  
 2 Trevor Smith             Andrew Mangiapane        Nick Baptiste            40     0   0  5  

PowerPlay Defense
   Defense                  Defense                                           Time % Phy DF OF 
 1 MacKenzie Weegar         Roland McKeown                                    60     0   2  3  
 2 Jack Dougherty           Andrew Welinski                                   40     0   2  3  

Penalty Kill 4 Players Forward 
   Center                   Wing                     Time % Phy DF OF 
 1 Chris Conner             Austin Czarnik           60     1   4  0  
 2 Daniel O'Regan           Trevor Smith             40     1   4  0  

Penalty Kill 4 Players Defense
   Defense                  Defense                  Time % Phy DF OF 
 1 MacKenzie Weegar         Roland McKeown           60     1   4  0  
 2 Jack Dougherty           Andrew Welinski          40     1   4  0  

Penalty Kill - 3 Players Forward 
   Forward                                           Time % Phy DF OF 
 1 Chris Conner                                      60     1   2  0  
 2 Austin Czarnik                                    40     1   4  0  

Penalty Kill - 3 Players Defense
   Defense                  Defense                  Time % Phy DF OF 
 1 MacKenzie Weegar         Roland McKeown           60     1   4  0  
 2 Jack Dougherty           Andrew Welinski          40     1   4  0  

4 vs 4 Forward 
   Center                   Wing                     Time % Phy DF OF 
 1 Chris Conner             Austin Czarnik           60     0   2  3  
 2 Daniel O'Regan           Trevor Smith             40     0   2  3  

4 vs 4 Defense
   Defense                  Defense                  Time % Phy DF OF 
 1 MacKenzie Weegar         Roland McKeown           60     1   2  2  
 2 Jack Dougherty           Andrew Welinski          40     1   2  2  

Last Minutes Offensive
   Center                   Left Wing                Right Wing               Defense                  Defense                  
   Austin Czarnik           Chris Conner             Daniel O'Regan           MacKenzie Weegar         Roland McKeown           

Last Minutes Defensive
   Center                   Left Wing                Right Wing               Defense                  Defense                  
   Austin Czarnik           Chris Conner             Daniel O'Regan           MacKenzie Weegar         Roland McKeown           

Goaltenders
Starting : Reto Berra               
Backup : Charlie Lindgren         

Extra Forwards
Normal : Andrew Poturalski, Brendan Ranford, Trevor Moore - PP : Andrew Poturalski, Brendan Ranford - PK : Trevor Moore
Extra Defensemen
Normal : Gavin Bayreuther, Nolan Zajac, Jack Dougherty - PP : Gavin Bayreuther - PK : Nolan Zajac, Jack Dougherty
Penalty Shots
Chris Conner, Austin Czarnik, Daniel O'Regan, Trevor Smith, Andrew Mangiapane

Scratches
Dan Renouf (Healthy), Conor Garland (Healthy), Vojtech Mozik (Healthy), Trevor Murphy (Healthy)

% Time on Ice - Victoriaville Tigres

Lines # - Real PCT - Wanted PCT - Time Play
Normal Forward
1 - 34% - 40% - 17:43
2 - 33% - 30% - 16:53
3 - 22% - 20% - 11:11
4 - 11% - 10% - 5:53
Normal Defense
1 - 38% - 40% - 19:27
2 - 33% - 30% - 17:18
3 - 25% - 20% - 12:49
4 - 4% - 10% - 2:06
PP Forward
1 - 55% - 60% - 2:17
2 - 45% - 40% - 1:51
PP Defense
1 - 56% - 60% - 2:19
2 - 44% - 40% - 1:49
PK Forward
1 - 74% - 60% - 2:26
2 - 26% - 40% - 0:52
PK Defense
1 - 45% - 60% - 1:30
2 - 55% - 40% - 1:48
PK3 Forward
1 - 0% - 60%
2 - 0% - 40%
PK3 Defense
1 - 0% - 60%
2 - 0% - 40%
44 Forward
1 - 0% - 60%
2 - 0% - 40%
44 Defense
1 - 0% - 60%
2 - 0% - 40%
Last Minute Offensive  - 0:54
Last Minute Defensive  - 0:00
Total
Forward - 60:00
Defense - 60:00

% Time on Ice - Lowell Devils

Lines # - Real PCT - Wanted PCT - Time Play
Normal Forward
1 - 35% - 40% - 17:53
2 - 26% - 30% - 13:38
3 - 22% - 20% - 11:13
4 - 17% - 10% - 8:56
Normal Defense
1 - 37% - 40% - 19:01
2 - 33% - 30% - 16:57
3 - 25% - 20% - 12:56
4 - 5% - 10% - 2:46
PP Forward
1 - 49% - 60% - 1:37
2 - 51% - 40% - 1:41
PP Defense
1 - 58% - 60% - 1:54
2 - 42% - 40% - 1:24
PK Forward
1 - 85% - 60% - 3:32
2 - 15% - 40% - 0:36
PK Defense
1 - 67% - 60% - 2:46
2 - 33% - 40% - 1:22
PK3 Forward
1 - 0% - 60%
2 - 0% - 40%
PK3 Defense
1 - 0% - 60%
2 - 0% - 40%
44 Forward
1 - 0% - 60%
2 - 0% - 40%
44 Defense
1 - 0% - 60%
2 - 0% - 40%
Last Minute Offensive  - 0:00
Last Minute Defensive  - 0:54
Total
Forward - 60:00
Defense - 60:00

Play by Play

1st period


0:01 of 1st period - Nic Petan wins face-off versus Austin Czarnik in neutral zone.
0:04 of 1st period - Slapshot by Chris Terry.
0:04 of 1st period - Shot Misses the Net.
0:16 of 1st period - Snap shot by Daniel O'Regan.
0:16 of 1st period - Deflect By Austin Czarnik.
0:16 of 1st period - Shot Misses the Net.
0:16 of 1st period - Puck is out of play.
0:17 of 1st period - Trevor Smith wins face-off versus Quinton Howden in Victoriaville Tigres zone.
0:26 of 1st period - Wrist shot by Trevor Smith.
0:26 of 1st period - Stopped by Michael Garteig without a rebound.
0:27 of 1st period - Quinton Howden wins face-off versus Trevor Smith in Victoriaville Tigres zone.
0:38 of 1st period - Snap shot by Quinton Howden.
0:38 of 1st period - Stopped by Reto Berra without a rebound.
0:39 of 1st period - Andrew Poturalski wins face-off versus Greg McKegg in Lowell Devils zone.
1:14 of 1st period - Snap shot by Chris Terry.
1:14 of 1st period - Stopped by Reto Berra without a rebound.
1:15 of 1st period - Nic Petan wins face-off versus Tyler Gaudet in Lowell Devils zone.
1:16 of 1st period - Snap shot by Chris Terry.
1:16 of 1st period - Shot Misses the Net.
1:26 of 1st period - Snap shot by Gerald Mayhew.
1:26 of 1st period - Stopped by Michael Garteig with a rebound.
1:28 of 1st period - Snap shot by Sam Anas.
1:28 of 1st period - Stopped by Michael Garteig with a rebound.
1:30 of 1st period - Slapshot by Gerald Mayhew.
1:30 of 1st period - Shot Misses the Net.
1:44 of 1st period - Wrist shot by Charles Hudon.
1:44 of 1st period - Stopped by Reto Berra without a rebound.
1:45 of 1st period - Trevor Smith wins face-off versus Quinton Howden in Lowell Devils zone.
2:18 of 1st period - Icing by Jack Dougherty.
2:19 of 1st period - Chase De Leo wins face-off versus Trevor Smith in Lowell Devils zone.
2:44 of 1st period - Wrist shot by Trevor Smith.
2:44 of 1st period - Stopped by Michael Garteig without a rebound.
2:45 of 1st period - Greg McKegg wins face-off versus Austin Czarnik in Victoriaville Tigres zone.
2:52 of 1st period - Snap shot by Greg McKegg.
2:52 of 1st period - Shot Blocked by MacKenzie Weegar.
3:29 of 1st period - Wrist shot by Charles Hudon.
3:29 of 1st period - Shot Misses the Net.
3:39 of 1st period - Slapshot by Samuel Girard.
3:39 of 1st period - Stopped by Reto Berra with a rebound.
4:34 of 1st period - Wrist shot by Charles Hudon.
4:34 of 1st period - Shot Misses the Net.
4:36 of 1st period - Snap shot by Samuel Girard.
4:36 of 1st period - Shot Misses the Net.
4:38 of 1st period - Snap shot by Brayden McNabb.
4:38 of 1st period - Stopped by Reto Berra with a rebound.
4:48 of 1st period - Brody Sutter is hit by Tyler Gaudet and loses puck.
5:29 of 1st period - Slapshot by Andrew Mangiapane.
5:29 of 1st period - Stopped by Michael Garteig with a rebound.
5:54 of 1st period - Karl Stollery is hit by Daniel O'Regan and loses puck.
7:07 of 1st period - Gavin Bayreuther is hit by Chase De Leo and loses puck.
8:04 of 1st period - Wrist shot by Andrew Mangiapane.
8:04 of 1st period - Stopped by Michael Garteig with a rebound.
8:06 of 1st period - Slapshot by Roland McKeown.
8:06 of 1st period - Deflect By Karl Stollery.
8:06 of 1st period - Stopped by Michael Garteig with a rebound.
8:08 of 1st period - Snap shot by Trevor Smith.
8:08 of 1st period - Stopped by Michael Garteig with a rebound.
8:10 of 1st period - Slapshot by Roland McKeown.
8:10 of 1st period - Shot Hit the Post.
8:12 of 1st period - Slapshot by MacKenzie Weegar.
8:12 of 1st period - Stopped by Michael Garteig with a rebound.
9:06 of 1st period - Backhand shot by Sam Anas.
9:06 of 1st period - Stopped by Michael Garteig without a rebound.
9:07 of 1st period - Trevor Smith wins face-off versus Quinton Howden in Victoriaville Tigres zone.
9:10 of 1st period - Snap shot by Trevor Smith.
9:10 of 1st period - Stopped by Michael Garteig with a rebound.
9:12 of 1st period - Slapshot by Andrew Mangiapane.
9:12 of 1st period - Deflect By Trevor Smith.
9:12 of 1st period - Stopped by Michael Garteig with a rebound.
9:14 of 1st period - Wrist shot by Nick Baptiste.
9:14 of 1st period - Shot Misses the Net.
9:16 of 1st period - Slapshot by Gavin Bayreuther.
9:16 of 1st period - Stopped by Michael Garteig without a rebound.
9:17 of 1st period - Quinton Howden wins face-off versus Trevor Smith in Victoriaville Tigres zone.
9:36 of 1st period - Snap shot by Trevor Smith.
9:36 of 1st period - Shot Blocked by Samuel Girard.
9:38 of 1st period - Snap shot by Andrew Mangiapane.
9:38 of 1st period - Shot Misses the Net.
9:40 of 1st period - Snap shot by Trevor Smith.
9:40 of 1st period - Goal by Trevor Smith - Victoriaville Tigres : 0 - Lowell Devils : 1.
9:41 of 1st period - Austin Czarnik wins face-off versus Nic Petan in neutral zone.
10:33 of 1st period - Slapshot by Greg McKegg.
10:33 of 1st period - Shot Blocked by Andrew Welinski.
10:38 of 1st period - Off-side.
10:39 of 1st period - Chase De Leo wins face-off versus Austin Czarnik in neutral zone.
10:46 of 1st period - Snap shot by Nic Petan.
10:46 of 1st period - Stopped by Reto Berra with a rebound.
10:48 of 1st period - Slapshot by Michal Kempny.
10:48 of 1st period - Goal by Michal Kempny - Victoriaville Tigres : 1 - Lowell Devils : 1.
10:49 of 1st period - Nic Petan wins face-off versus Austin Czarnik in neutral zone.
10:52 of 1st period - Wrist shot by Nic Petan.
10:52 of 1st period - Deflect By Chris Terry.
10:52 of 1st period - Shot Misses the Net.
10:52 of 1st period - Puck is out of play.
10:53 of 1st period - Daniel O'Regan wins face-off versus Nic Petan in Lowell Devils zone.
11:06 of 1st period - Wrist shot by Chris Terry.
11:06 of 1st period - Stopped by Reto Berra with a rebound.
11:08 of 1st period - Snap shot by Brody Sutter.
11:08 of 1st period - Shot Blocked by Roland McKeown.
11:59 of 1st period - Quinton Howden is hit by Andrew Welinski and loses puck.
12:18 of 1st period - Daniel O'Regan is hit by Karl Stollery and loses puck.
12:46 of 1st period - Nic Petan is hit by Nick Baptiste and loses puck.
13:31 of 1st period - Tyler Gaudet is hit by Michal Kempny and loses puck.
13:42 of 1st period - Chris Conner is hit by Samuel Girard and loses puck.
14:10 of 1st period - Nick Baptiste is hit by Dillon Simpson and loses puck.
14:17 of 1st period - Slapshot by Chase De Leo.
14:17 of 1st period - Stopped by Reto Berra with a rebound.
14:45 of 1st period - Gavin Bayreuther is hit by Taylor Leier and loses puck.
14:58 of 1st period - Scott Kosmachuk is hit by Nolan Zajac and loses puck.
15:03 of 1st period - Snap shot by Sam Anas.
15:03 of 1st period - Deflect By Gerald Mayhew.
15:03 of 1st period - Stopped by Michael Garteig with a rebound.
15:05 of 1st period - Snap shot by Tyler Gaudet.
15:05 of 1st period - Stopped by Michael Garteig with a rebound.
16:11 of 1st period - Snap shot by Chase De Leo.
16:11 of 1st period - Shot Blocked by MacKenzie Weegar.
16:13 of 1st period - Slapshot by Dillon Simpson.
16:13 of 1st period - Deflect By Daniel O'Regan.
16:13 of 1st period - Stopped by Reto Berra with a rebound.
16:15 of 1st period - Slapshot by Tim Heed.
16:15 of 1st period - Deflect By Chase De Leo.
16:15 of 1st period - Shot Blocked by Chris Conner.
16:15 of 1st period - Puck is out of play.
16:16 of 1st period - Quinton Howden wins face-off versus Trevor Smith in Lowell Devils zone.
16:27 of 1st period - Snap shot by Charles Hudon.
16:27 of 1st period - Stopped by Reto Berra without a rebound.
16:28 of 1st period - Chris Terry wins face-off versus Austin Czarnik in Lowell Devils zone.
16:36 of 1st period - Minor Penalty to Chris Conner for Hooking.
16:37 of 1st period - Nic Petan wins face-off versus Trevor Moore in Lowell Devils zone.
16:39 of 1st period - Wrist shot by Chris Terry.
16:39 of 1st period - Deflect By Nic Petan.
16:39 of 1st period - Shot Blocked by MacKenzie Weegar.
16:39 of 1st period - Puck is out of play.
16:40 of 1st period - Trevor Moore wins face-off versus Nic Petan in Lowell Devils zone.
18:36 of 1st period - Penalty to Chris Conner is over, Chris Conner is back on ice.
18:41 of 1st period - Snap shot by Daniel O'Regan.
18:41 of 1st period - Shot Misses the Net.
18:43 of 1st period - Slapshot by Chris Conner.
18:43 of 1st period - Stopped by Michael Garteig with a rebound.
18:45 of 1st period - Slapshot by Jack Dougherty.
18:45 of 1st period - Shot Blocked by Michal Kempny.
18:53 of 1st period - Slapshot by Chris Conner.
18:53 of 1st period - Shot Blocked by Greg McKegg.
18:55 of 1st period - Slapshot by Chris Conner.
18:55 of 1st period - Stopped by Michael Garteig with a rebound.
18:57 of 1st period - Slapshot by Andrew Welinski.
18:57 of 1st period - Shot Blocked by Mark MacMillan.
18:59 of 1st period - Slapshot by Chris Conner.
18:59 of 1st period - Stopped by Michael Garteig without a rebound.
19:00 of 1st period - Chase De Leo wins face-off versus Tyler Gaudet in Victoriaville Tigres zone.
19:07 of 1st period - Wrist shot by Chase De Leo.
19:07 of 1st period - Shot Misses the Net.
19:23 of 1st period - Scott Kosmachuk is hit by Nolan Zajac and loses puck.
Goals for this period are 1 for Victoriaville Tigres vs 1 for Lowell Devils.
Shots for this period are 11 for Victoriaville Tigres vs 19 for Lowell Devils.

2nd period


0:01 of 2nd period - Austin Czarnik wins face-off versus Nic Petan in neutral zone.
1:28 of 2nd period - Slapshot by Scott Kosmachuk.
1:28 of 2nd period - Stopped by Reto Berra without a rebound.
1:29 of 2nd period - Quinton Howden wins face-off versus Andrew Poturalski in Lowell Devils zone.
1:32 of 2nd period - Snap shot by Charles Hudon.
1:32 of 2nd period - Shot Misses the Net.
1:38 of 2nd period - Wrist shot by Charles Hudon.
1:38 of 2nd period - Shot Misses the Net.
1:40 of 2nd period - Snap shot by Quinton Howden.
1:40 of 2nd period - Shot Blocked by Nolan Zajac.
1:42 of 2nd period - Slapshot by Quinton Howden.
1:42 of 2nd period - Shot Misses the Net.
1:44 of 2nd period - Slapshot by Scott Kosmachuk.
1:44 of 2nd period - Shot Blocked by Gavin Bayreuther.
2:45 of 2nd period - Off-side.
2:46 of 2nd period - Greg McKegg wins face-off versus Austin Czarnik in neutral zone.
2:51 of 2nd period - Wrist shot by Taylor Leier.
2:51 of 2nd period - Shot Misses the Net.
3:37 of 2nd period - Wrist shot by Brody Sutter.
3:37 of 2nd period - Shot Blocked by Andrew Welinski.
3:43 of 2nd period - Wrist shot by Brendan Ranford.
3:43 of 2nd period - Stopped by Michael Garteig with a rebound.
3:45 of 2nd period - Snap shot by Andrew Poturalski.
3:45 of 2nd period - Stopped by Michael Garteig with a rebound.
4:12 of 2nd period - Slapshot by Chris Terry.
4:12 of 2nd period - Stopped by Reto Berra with a rebound.
4:23 of 2nd period - Slapshot by Nic Petan.
4:23 of 2nd period - Stopped by Reto Berra with a rebound.
4:25 of 2nd period - Wrist shot by Samuel Girard.
4:25 of 2nd period - Shot Blocked by Gavin Bayreuther.
4:45 of 2nd period - Wrist shot by Nic Petan.
4:45 of 2nd period - Deflect By Chris Terry.
4:45 of 2nd period - Stopped by Reto Berra without a rebound.
4:46 of 2nd period - Quinton Howden wins face-off versus Austin Czarnik in Lowell Devils zone.
4:57 of 2nd period - Snap shot by Scott Kosmachuk.
4:57 of 2nd period - Stopped by Reto Berra with a rebound.
4:59 of 2nd period - Snap shot by Charles Hudon.
4:59 of 2nd period - Stopped by Reto Berra without a rebound.
5:00 of 2nd period - Greg McKegg wins face-off versus Austin Czarnik in Lowell Devils zone.
5:06 of 2nd period - Icing by Austin Czarnik.
5:07 of 2nd period - Greg McKegg wins face-off versus Austin Czarnik in Lowell Devils zone.
5:16 of 2nd period - Wrist shot by Daniel O'Regan.
5:16 of 2nd period - Shot Blocked by Brayden McNabb.
5:18 of 2nd period - Slapshot by MacKenzie Weegar.
5:18 of 2nd period - Stopped by Michael Garteig with a rebound.
5:53 of 2nd period - Off-side.
5:54 of 2nd period - Quinton Howden wins face-off versus Trevor Smith in neutral zone.
5:58 of 2nd period - Icing by Andrew Welinski.
5:59 of 2nd period - Quinton Howden wins face-off versus Trevor Smith in Lowell Devils zone.
6:06 of 2nd period - Snap shot by Scott Kosmachuk.
6:06 of 2nd period - Shot Blocked by Andrew Welinski.
6:12 of 2nd period - Wrist shot by Quinton Howden.
6:12 of 2nd period - Shot Misses the Net.
6:34 of 2nd period - Snap shot by Nic Petan.
6:34 of 2nd period - Shot Blocked by Chris Conner.
7:53 of 2nd period - Greg McKegg is hit by Daniel O'Regan and loses puck.
8:14 of 2nd period - Quinton Howden is hit by Andrew Poturalski and loses puck.
9:11 of 2nd period - Wrist shot by Trevor Smith.
9:11 of 2nd period - Shot Misses the Net.
9:13 of 2nd period - Slapshot by Andrew Welinski.
9:13 of 2nd period - Shot Blocked by Dillon Simpson.
9:15 of 2nd period - Slapshot by Andrew Welinski.
9:15 of 2nd period - Stopped by Michael Garteig without a rebound.
9:16 of 2nd period - Chase De Leo wins face-off versus Trevor Smith in Victoriaville Tigres zone.
9:56 of 2nd period - Wrist shot by Andrew Mangiapane.
9:56 of 2nd period - Stopped by Michael Garteig with a rebound.
9:58 of 2nd period - Wrist shot by Austin Czarnik.
9:58 of 2nd period - Deflect By Chris Conner.
9:58 of 2nd period - Shot Misses the Net.
9:58 of 2nd period - Puck is out of play.
9:59 of 2nd period - Nic Petan wins face-off versus Austin Czarnik in Victoriaville Tigres zone.
10:33 of 2nd period - Wrist shot by Chris Terry.
10:33 of 2nd period - Stopped by Reto Berra without a rebound.
10:34 of 2nd period - Trevor Smith wins face-off versus Quinton Howden in Lowell Devils zone.
10:34 of 2nd period - Trevor Smith is hit by Quinton Howden.
10:39 of 2nd period - MacKenzie Weegar is hit by Dillon Simpson and loses puck.
10:52 of 2nd period - Tim Heed is hit by Trevor Smith and loses puck.
12:13 of 2nd period - Snap shot by Nolan Zajac.
12:13 of 2nd period - Stopped by Michael Garteig without a rebound.
12:14 of 2nd period - Andrew Poturalski wins face-off versus Greg McKegg in Victoriaville Tigres zone.
12:18 of 2nd period - Icing by Samuel Girard.
12:19 of 2nd period - Greg McKegg wins face-off versus Austin Czarnik in Victoriaville Tigres zone.
12:26 of 2nd period - Snap shot by Samuel Girard.
12:26 of 2nd period - Shot Blocked by Daniel O'Regan.
12:28 of 2nd period - Slapshot by Brayden McNabb.
12:28 of 2nd period - Shot Blocked by Jack Dougherty.
12:30 of 2nd period - Slapshot by Samuel Girard.
12:30 of 2nd period - Shot Misses the Net.
12:32 of 2nd period - Snap shot by Greg McKegg.
12:32 of 2nd period - Stopped by Reto Berra without a rebound.
12:33 of 2nd period - Austin Czarnik wins face-off versus Chris Terry in Lowell Devils zone.
12:46 of 2nd period - Snap shot by Austin Czarnik.
12:46 of 2nd period - Shot Misses the Net.
13:08 of 2nd period - Snap shot by Trevor Smith.
13:08 of 2nd period - Deflect By Nick Baptiste.
13:08 of 2nd period - Shot Misses the Net.
13:08 of 2nd period - Puck is out of play.
13:09 of 2nd period - Quinton Howden wins face-off versus Austin Czarnik in Victoriaville Tigres zone.
13:36 of 2nd period - Brody Sutter is hit by Nick Baptiste and loses puck.
13:55 of 2nd period - Snap shot by Taylor Leier.
13:55 of 2nd period - Stopped by Reto Berra with a rebound.
13:57 of 2nd period - Backhand shot by Mark MacMillan.
13:57 of 2nd period - Shot Hit the Post.
13:59 of 2nd period - Snap shot by Mark MacMillan.
13:59 of 2nd period - Shot Misses the Net.
14:01 of 2nd period - Snap shot by Taylor Leier.
14:01 of 2nd period - Shot Misses the Net.
14:21 of 2nd period - Slapshot by Scott Kosmachuk.
14:21 of 2nd period - Deflect By Charles Hudon.
14:21 of 2nd period - Shot Misses the Net.
14:21 of 2nd period - Puck is out of play.
14:22 of 2nd period - Austin Czarnik wins face-off versus Quinton Howden in Lowell Devils zone.
14:53 of 2nd period - Samuel Girard is hit by Nick Baptiste and loses puck.
15:14 of 2nd period - Slapshot by Sam Anas.
15:14 of 2nd period - Stopped by Michael Garteig without a rebound.
15:15 of 2nd period - Austin Czarnik wins face-off versus Nic Petan in Victoriaville Tigres zone.
15:16 of 2nd period - Snap shot by Daniel O'Regan.
15:16 of 2nd period - Shot Misses the Net.
16:05 of 2nd period - Greg McKegg is hit by Brendan Ranford and loses puck.
16:22 of 2nd period - Wrist shot by Nic Petan.
16:22 of 2nd period - Stopped by Reto Berra without a rebound.
16:23 of 2nd period - Tyler Gaudet wins face-off versus Nic Petan in Lowell Devils zone.
16:54 of 2nd period - Wrist shot by Daniel O'Regan.
16:54 of 2nd period - Stopped by Michael Garteig with a rebound.
16:56 of 2nd period - Snap shot by Austin Czarnik.
16:56 of 2nd period - Stopped by Michael Garteig without a rebound.
16:57 of 2nd period - Nic Petan wins face-off versus Austin Czarnik in Victoriaville Tigres zone.
16:57 of 2nd period - Nic Petan is hit by Chris Conner.
17:11 of 2nd period - Minor Penalty to MacKenzie Weegar for Hooking.
17:12 of 2nd period - Chris Conner wins face-off versus Nic Petan in Lowell Devils zone.
17:12 of 2nd period - Chris Conner is hit by Nic Petan.
17:21 of 2nd period - Snap shot by Brayden McNabb.
17:21 of 2nd period - Goal by Brayden McNabb - Victoriaville Tigres : 2 - Lowell Devils : 1.
17:22 of 2nd period - Nic Petan wins face-off versus Austin Czarnik in neutral zone.
17:27 of 2nd period - Slapshot by Brody Sutter.
17:27 of 2nd period - Shot Blocked by Chris Conner.
17:47 of 2nd period - Andrew Mangiapane is hit by Charles Hudon and loses puck.
18:00 of 2nd period - Minor Penalty to MacKenzie Weegar for Hooking.
18:01 of 2nd period - Chris Conner wins face-off versus Nic Petan in Lowell Devils zone.
19:24 of 2nd period - Charles Hudon is hit by Austin Czarnik and loses puck.
0:00 of 3rd period - Penalty to MacKenzie Weegar is over, MacKenzie Weegar is back on ice.
Goals for this period are 1 for Victoriaville Tigres vs 0 for Lowell Devils.
Shots for this period are 11 for Victoriaville Tigres vs 9 for Lowell Devils.

3rd period


0:01 of 3rd period - Nic Petan wins face-off versus Austin Czarnik in neutral zone.
0:08 of 3rd period - Slapshot by Samuel Girard.
0:08 of 3rd period - Stopped by Reto Berra without a rebound.
0:09 of 3rd period - Austin Czarnik wins face-off versus Brody Sutter in Lowell Devils zone.
0:42 of 3rd period - Wrist shot by Nic Petan.
0:42 of 3rd period - Shot Misses the Net.
0:44 of 3rd period - Snap shot by Samuel Girard.
0:44 of 3rd period - Shot Blocked by Roland McKeown.
0:48 of 3rd period - Slapshot by Brody Sutter.
0:48 of 3rd period - Shot Misses the Net.
1:02 of 3rd period - Brayden McNabb is hit by Roland McKeown and loses puck.
1:21 of 3rd period - Slapshot by Daniel O'Regan.
1:21 of 3rd period - Stopped by Michael Garteig with a rebound.
2:48 of 3rd period - Snap shot by Austin Czarnik.
2:48 of 3rd period - Stopped by Michael Garteig with a rebound.
2:56 of 3rd period - Snap shot by Nic Petan.
2:56 of 3rd period - Deflect By Brody Sutter.
2:56 of 3rd period - Shot Blocked by Roland McKeown.
2:56 of 3rd period - Puck is out of play.
2:57 of 3rd period - Quinton Howden wins face-off versus Andrew Mangiapane in Lowell Devils zone.
3:04 of 3rd period - Wrist shot by Scott Kosmachuk.
3:04 of 3rd period - Stopped by Reto Berra with a rebound.
3:08 of 3rd period - Slapshot by Charles Hudon.
3:08 of 3rd period - Stopped by Reto Berra without a rebound.
3:09 of 3rd period - Trevor Smith wins face-off versus Quinton Howden in Lowell Devils zone.
3:19 of 3rd period - Karl Stollery is hit by Nick Baptiste and loses puck.
3:24 of 3rd period - Snap shot by Trevor Smith.
3:24 of 3rd period - Goal by Trevor Smith - Victoriaville Tigres : 2 - Lowell Devils : 2.
3:25 of 3rd period - Trevor Smith wins face-off versus Quinton Howden in neutral zone.
3:43 of 3rd period - Minor Penalty to Michal Kempny for Hooking.
3:44 of 3rd period - Nick Baptiste wins face-off versus Quinton Howden in Victoriaville Tigres zone.
5:02 of 3rd period - Slapshot by Roland McKeown.
5:02 of 3rd period - Goal by Roland McKeown - Victoriaville Tigres : 2 - Lowell Devils : 3.
5:03 of 3rd period - Quinton Howden wins face-off versus Tyler Gaudet in neutral zone.
5:08 of 3rd period - Wrist shot by Tim Heed.
5:08 of 3rd period - Stopped by Reto Berra with a rebound.
5:10 of 3rd period - Wrist shot by Quinton Howden.
5:10 of 3rd period - Deflect By Scott Kosmachuk.
5:10 of 3rd period - Stopped by Reto Berra with a rebound.
5:12 of 3rd period - Snap shot by Dillon Simpson.
5:12 of 3rd period - Shot Misses the Net.
5:14 of 3rd period - Slapshot by Tim Heed.
5:14 of 3rd period - Shot Blocked by Andrew Welinski.
5:16 of 3rd period - Snap shot by Scott Kosmachuk.
5:16 of 3rd period - Stopped by Reto Berra without a rebound.
5:17 of 3rd period - Austin Czarnik wins face-off versus Nic Petan in Lowell Devils zone.
6:06 of 3rd period - MacKenzie Weegar is hit by Scott Kosmachuk and loses puck.
6:52 of 3rd period - Minor Penalty to Stefan Matteau for Roughing.
6:53 of 3rd period - Nic Petan wins face-off versus Austin Czarnik in Victoriaville Tigres zone.
8:00 of 3rd period - Snap shot by Taylor Leier.
8:00 of 3rd period - Stopped by Reto Berra with a rebound.
8:52 of 3rd period - Penalty to Stefan Matteau is over, Stefan Matteau is back on ice.
10:16 of 3rd period - Quinton Howden is hit by Trevor Smith and loses puck.
10:33 of 3rd period - Chris Conner is hit by Brody Sutter and loses puck.
11:00 of 3rd period - Wrist shot by Nic Petan.
11:00 of 3rd period - Shot Misses the Net.
11:43 of 3rd period - Tim Heed is hit by Andrew Poturalski.
11:59 of 3rd period - Dillon Simpson is hit by Chris Conner and loses puck.
12:06 of 3rd period - Scott Kosmachuk is hit by Roland McKeown and loses puck.
12:37 of 3rd period - Trevor Smith is hit by Taylor Leier and loses puck.
12:42 of 3rd period - Wrist shot by Greg McKegg.
12:42 of 3rd period - Shot Blocked by Andrew Mangiapane.
13:15 of 3rd period - Quinton Howden is hit by Sam Anas and loses puck.
13:28 of 3rd period - Andrew Mangiapane is hit by Greg McKegg and loses puck.
14:52 of 3rd period - Daniel O'Regan is hit by Taylor Leier.
15:23 of 3rd period - Wrist shot by Quinton Howden.
15:23 of 3rd period - Shot Misses the Net.
16:01 of 3rd period - Charles Hudon is hit by Sam Anas and loses puck.
16:10 of 3rd period - Snap shot by Scott Kosmachuk.
16:10 of 3rd period - Shot Misses the Net.
16:12 of 3rd period - Snap shot by Scott Kosmachuk.
16:12 of 3rd period - Shot Misses the Net.
16:14 of 3rd period - Slapshot by Brayden McNabb.
16:14 of 3rd period - Stopped by Reto Berra without a rebound.
16:15 of 3rd period - Austin Czarnik wins face-off versus Greg McKegg in Lowell Devils zone.
16:22 of 3rd period - Michal Kempny is hit by Chris Conner and loses puck.
16:29 of 3rd period - Austin Czarnik is hit by Karl Stollery and loses puck.
17:55 of 3rd period - Snap shot by Brendan Ranford.
17:55 of 3rd period - Deflect By Andrew Poturalski.
17:55 of 3rd period - Stopped by Michael Garteig with a rebound.
17:57 of 3rd period - Slapshot by Nolan Zajac.
17:57 of 3rd period - Stopped by Michael Garteig without a rebound.
17:58 of 3rd period - Andrew Poturalski wins face-off versus Nic Petan in Victoriaville Tigres zone.
18:42 of 3rd period - Snap shot by Chris Terry.
18:42 of 3rd period - Shot Blocked by Andrew Welinski.
18:56 of 3rd period - Brody Sutter is hit by Brendan Ranford and loses puck.
19:03 of 3rd period - Snap shot by Andrew Poturalski.
19:03 of 3rd period - Shot Blocked by Samuel Girard.
19:05 of 3rd period - Snap shot by Brendan Ranford.
19:05 of 3rd period - Stopped by Michael Garteig without a rebound.
19:06 of 3rd period - Andrew Brewer call a timeout for Victoriaville Tigres.
19:06 of 3rd period - Paul Bittner wins face-off versus Austin Czarnik in Victoriaville Tigres zone.
19:13 of 3rd period - Victoriaville Tigres, Michael Garteig is pulled from the net.
19:13 of 3rd period - Wrist shot by Greg McKegg.
19:13 of 3rd period - Shot Misses the Net.
19:15 of 3rd period - Wrist shot by Taylor Leier.
19:15 of 3rd period - Shot Misses the Net.
19:19 of 3rd period - Slapshot by Taylor Leier.
19:19 of 3rd period - Shot Blocked by MacKenzie Weegar.
19:21 of 3rd period - Snap shot by Taylor Leier.
19:21 of 3rd period - Shot Misses the Net.
19:23 of 3rd period - Wrist shot by Greg McKegg.
19:23 of 3rd period - Shot Blocked by Austin Czarnik.
19:25 of 3rd period - Snap shot by Samuel Girard.
19:25 of 3rd period - Deflect By Taylor Leier.
19:25 of 3rd period - Stopped by Reto Berra with a rebound.
19:27 of 3rd period - Snap shot by Samuel Girard.
19:27 of 3rd period - Deflect By Greg McKegg.
19:27 of 3rd period - Shot Misses the Net.
19:27 of 3rd period - Puck is out of play.
19:28 of 3rd period - Paul Bittner wins face-off versus Austin Czarnik in Lowell Devils zone.
Goals for this period are 0 for Victoriaville Tigres vs 2 for Lowell Devils.
Shots for this period are 9 for Victoriaville Tigres vs 7 for Lowell Devils.